Match 42530064
Unlisted

Match 42530064
End
Royal Engineer Section
Construct Section Command Post
Selects Canadian Shock Battlegroup
Dingo Light Scout Car
Infantry Section
Infantry Section
ML 3-inch Mortar Team
Selects Attacking Spirit
Selects Canadian Shock Section
Canadian Shock Section
Selects Incendiary Munitions
Construct Platoon Command Post
Vickers Machine Gun Team
6-pounder Anti-tank Gun Team
Selects Pyrotechnics
Construct Company Command Post
Matilda II Heavy Tank
Infantry Training
Construct Field Infirmary
Armored Vehicle Training
Selects Churchill Crocodile Heavy Tank
Churchill Crocodile Heavy Tank
Royal Engineer Section
Sticky Ricky
Grand.G
0
0

Comments sign in to comment!

No comments posted yet!